Map: Abyssal Reef LE

Players

BIGFLLA - Winner!

  • Race: Protoss Protoss
  • League: Silver
  • Spawn Location: 11:00

UnReLentLess

  • Race: Terran Terran
  • League: Silver
  • Spawn Location: 5:00

VOD

Have the link to the VOD?

Description

Time

  • Played on: March 24, 2017, 2:05 p.m.
  • Length: 12:11
Show
View Real Time Build Order
Export as new Build Order

BIGFLLA Protoss - Winner!

Build Orders: Mass Adepts 

Get SALT Encoding   

  12  0:02  Probe (Chrono Boost)  
  13  0:13  Probe (Chrono Boost)  
  14  0:18  Pylon  
  14  0:24  Probe (Chrono Boost)  
  15  0:37  Gateway  
  15  0:40  Probe (Chrono Boost)  
  16  0:47  Assimilator  
  16  0:50  Probe (Chrono Boost)  
  16  0:55  Assimilator  
  17  1:01  Probe (Chrono Boost)  
  19  1:11  Probe (Chrono Boost)  
  19  1:15  Pylon  
  19  1:22  Probe (Chrono Boost)  
  20  1:28  Cybernetics Core  
  20  1:32  Probe (Chrono Boost)  
  21  1:43  Probe (Chrono Boost), Gateway  
  23  1:54  Probe (Chrono Boost)  
  23  2:05  Twilight Council  
  23  2:09  Pylon  
  23  2:16  Adept  
  23  2:19  Warp Gate  
  25  2:30  Adept  
  25  2:32  Resonating Glaives  
  27  2:49  Adept  
  29  2:56  Mothership Core (Chrono Boost)  
  31  2:59  Adept  
  33  3:06  Pylon  
  33  3:17  Adept  
  35  3:26  Adept  
  37  3:44  Adept  
  37  3:48  Nexus  
  39  3:53  Adept  
  41  4:08  Adept  
  43  4:21  Adept  
  45  4:31  Adept  
  43  5:24  Adept  
  43  5:28  Adept  
  43  5:30  Probe (Chrono Boost)  
  43  5:32  Probe (Chrono Boost)  
  47  5:41  Probe (Chrono Boost)  
  49  5:44  Probe (Chrono Boost)  
  49  5:48  Adept  
  45  5:51  Probe (Chrono Boost)  
  45  5:56  Probe (Chrono Boost), Adept  
  47  6:11  Adept  
  47  6:13  Probe (Chrono Boost)  
  47  6:15  Probe (Chrono Boost)  
  49  6:23  Pylon, Adept  
  49  6:24  Probe (Chrono Boost)  
  49  6:25  Pylon  
  51  6:27  Probe (Chrono Boost), Assimilator  
  51  6:30  Assimilator  
  47  6:36  Stargate  
  47  6:39  Stargate  
  47  6:43  Adept  
  49  6:50  Adept  
  51  6:55  Probe (Chrono Boost)  
  51  6:56  Probe (Chrono Boost)  
  53  7:05  Probe (Chrono Boost)  
  53  7:07  Adept  
  53  7:08  Probe (Chrono Boost)  
  57  7:16  Probe (Chrono Boost)  
  57  7:17  Void Ray, Adept  
  57  7:18  Void Ray  
  57  7:20  Probe (Chrono Boost)  
  69  7:35  Adept  
  71  7:54  Void Ray  
  75  8:08  Void Ray  
  75  8:31  Void Ray  
  77  8:44  Gateway  
  77  8:46  Pylon  
  77  8:48  Pylon, Void Ray  
  77  8:50  Gateway  
  77  8:54  Twilight Council  
  75  9:09  Void Ray  
  75  9:13  Adept x2  
  83  9:18  Protoss Air Weapons Level 1  
  83  9:22  Probe x2 (Chrono Boost)  
  85  9:25  Void Ray  
  89  9:33  Pylon  
  89  9:46  Void Ray  
  89  9:48  Pylon  
  93  9:56  Forge  
  93  9:59  Forge  
  93  10:02  Void Ray  
  93  10:10  Adept x2  
  101  10:20  Probe x2 (Chrono Boost)  
  103  10:23  Void Ray  
  107  10:39  Photon Cannon  
  107  10:45  Photon Cannon  
  107  10:49  Photon Cannon  
  107  10:57  Photon Cannon  
  107  11:01  Photon Cannon  
  107  11:05  Photon Cannon  
  107  11:24  Nexus  
  107  11:28  Assimilator  
  107  11:32  Assimilator  
  107  11:35  Pylon  
  107  11:38  Pylon  
Show
View Real Time Build Order
Export as new Build Order

UnReLentLess Terran 

Build Orders: Reaper Expand 

Get SALT Encoding   

  12  0:01  SCV  
  13  0:13  SCV  
  14  0:18  Supply Depot  
  14  0:25  SCV  
  15  0:39  SCV  
  15  0:41  Barracks  
  16  0:46  Refinery  
  16  0:52  SCV  
  17  1:04  SCV  
  18  1:16  SCV  
  19  1:31  Orbital Command  
  19  1:32  Reaper  
  20  1:42  Command Center  
  20  1:56  Supply Depot  
  20  1:57  SCV  
  21  2:16  Barracks Reactor  
  21  2:20  Supply Depot  
  21  2:22  SCV  
  22  2:28  Refinery  
  22  2:51  SCV  
  23  2:55  Marine x2  
  25  3:05  Barracks  
  25  3:08  Bunker, Orbital Command  
  25  3:11  SCV  
  26  3:18  Factory  
  26  3:23  SCV  
  27  3:27  Marine x2  
  29  3:35  SCV  
  29  3:39  SCV  
  31  3:47  SCV  
  32  3:51  SCV  
  33  4:02  SCV  
  34  4:03  SCV  
  34  4:04  Marine x2  
  34  4:05  Factory Tech Lab  
  34  4:08  Supply Depot  
  37  4:14  SCV  
  38  4:18  Engineering Bay  
  38  4:21  Engineering Bay  
  38  4:22  Barracks Tech Lab  
  38  4:26  SCV  
  38  4:47  Marine  
  38  4:48  Marine x2  
  30  5:06  Marine x2  
  32  5:12  Marine  
  32  5:14  Siege Tank  
  30  5:24  Marine x2  
  27  5:31  Marine  
  24  5:41  Marine  
  24  5:42  Marine  
  19  5:49  Marine  
  10  5:59  Marine x2  
  11  6:08  SCV  
  12  6:20  SCV  
  12  6:22  Marine x3  
  16  6:26  SCV  
  17  6:37  SCV  
  18  6:40  Marine  
  19  6:50  SCV  
  20  6:55  SCV  
  21  7:03  SCV  
  21  7:07  SCV  
  23  7:09  Marauder  
  25  7:16  SCV  
  25  7:19  SCV  
  27  7:28  SCV  
  28  7:31  SCV  
  29  7:40  SCV  
  29  7:43  SCV  
  31  7:52  SCV  
  31  7:56  SCV  
  33  8:02  Reaper  
  28  8:31  Marine x2  
  22  8:45  SCV x2  
  24  8:57  SCV x2  
  24  9:01  Marine  
  24  9:02  Marine x2  
  29  9:09  SCV x2  
  31  9:11  Refinery  
  31  9:12  Refinery  
  31  9:19  Marine x3  
  31  9:21  SCV  
  34  9:35  Starport  
  34  9:36  Starport  
  34  9:40  Marine x3  
  34  9:42  Widow Mine  
  39  9:50  SCV x2  
  41  10:02  SCV x2  
  41  10:04  Marine x2  
  41  10:05  Marine  
  46  10:13  Starport Reactor  
  46  10:14  Starport Reactor  
  46  10:22  Marine  
  47  10:31  Barracks  
  47  10:34  Barracks  
  47  10:38  SCV  
  48  10:45  SCV  
  49  10:50  SCV  
  50  10:58  SCV  
  51  11:05  SCV  
  51  11:08  Viking x2  
  51  11:09  Viking  
  58  11:14  Marine x2  
  58  11:16  Marine  
  61  11:23  Barracks Reactor  
  61  11:25  Viking  
  63  11:29  Barracks Reactor  
  63  11:37  SCV x2  
  65  11:49  SCV x2  
Tags
 
Add a new tag
Caveats
  • Supply blocks, unpowered buildings, or Contaminate may cause inaccurate times.
  • Supply counts are checked every 10 seconds.